[Event "Alekhine"]
[Site "Gatineau CAN"]
[Date "2023.02.14"]
[Round "5"]
[White "Filion, Yves"]
[Black "Godbout, Elliott"]
[Result "1-0"]
[ECO "C54"]
[WhiteElo "1607"]
[BlackElo "1445"]
[PlyCount "61"]
[EventDate "2023.01.17"]
[EventType "swiss"]
[EventRounds "7"]
[EventCountry "CAN"]
[TimeControl "90+30"]

1. e4 e5 2. Nf3 Nc6 3. Bc4 Bc5 4. c3 Nf6 5. d3 h6 6. O-O d6 7. h3 a6 8. Re1 b5
9. Bb3 O-O 10. d4 exd4 11. cxd4 Bb6 12. Nc3 Re8 13. a3 Bb7 14. Bf4 Ba5 15. e5
dxe5 16. dxe5 Bxc3 17. bxc3 Qxd1 18. Raxd1 Nh5 19. Bh2 Na5 20. Bd5 c6 21. Ba2
g5 22. Rd7 Rf8 23. e6 Bc8 24. exf7+ Kh8 25. Be5+ Ng7 26. Rc7 Nc4 27. Bxc4 bxc4
28. Bd6 Be6 29. Bxf8 Rxf8 30. Ne5 Kh7 31. g4 1-0

[Event "Alekhine"]
[Site "Gatineau CAN"]
[Date "2023.02.14"]
[Round "5"]
[White "Guimond, Michel"]
[Black "Groleau, Gilles"]
[Result "1-0"]
[ECO "B95"]
[WhiteElo "1879"]
[BlackElo "1864"]
[PlyCount "81"]
[EventDate "2023.01.17"]
[EventType "swiss"]
[EventRounds "7"]
[EventCountry "CAN"]
[TimeControl "90+30"]

1. e4 c5 2. Nf3 e6 3. d4 cxd4 4. Nxd4 Nf6 5. Nc3 d6 6. Bg5 Be7 7. Qd2 a6 8.
O-O-O b5 9. a3 Bb7 10. f3 O-O 11. g3 Nc6 12. Nce2 Qc7 13. Bh3 Rfe8 14. Be3 Ne5
15. Qc3 Qxc3 16. Nxc3 d5 17. Nxe6 fxe6 18. Bxe6+ Kf8 19. exd5 Nc4 20. Bf4 Bd6
21. Ne4 Bxf4+ 22. gxf4 Nxe4 23. fxe4 Rad8 24. f5 Rd6 25. Rhg1 Bc8 26. Rdf1 Bxe6
27. fxe6+ Kg8 28. Rf7 g6 29. Rc7 Rf8 30. b3 Nb6 31. Rb7 Nc8 32. Rg2 Re8 33. Rc7
Ne7 34. c4 bxc4 35. bxc4 Rdd8 36. Rb2 Rc8 37. Rbb7 Rxc7 38. Rxc7 Nc8 39. c5 g5
40. d6 Rxe6 41. d7 1-0

[Event "Alekhine"]
[Site "Gatineau CAN"]
[Date "2023.02.14"]
[Round "5"]
[White "Palsson, Halldor"]
[Black "Latreille, Etienne"]
[Result "1-0"]
[ECO "D15"]
[WhiteElo "1920"]
[BlackElo "2082"]
[PlyCount "123"]
[EventDate "2023.01.17"]
[EventType "swiss"]
[EventRounds "7"]
[EventCountry "CAN"]
[TimeControl "90+30"]

1. d4 d5 2. c4 c6 3. Nf3 Nf6 4. Nc3 a6 5. c5 Bf5 6. Bf4 Nbd7 7. e3 Nh5 8. Bg5
h6 9. Bh4 g5 10. Bg3 Nxg3 11. hxg3 Bg7 12. Bd3 Bxd3 13. Qxd3 e5 14. Qf5 exd4
15. exd4 Qf6 16. Qxf6 Bxf6 17. O-O-O Nf8 18. g4 Ne6 19. Ne2 b6 20. cxb6 Rb8 21.
Ng3 Rxb6 22. Nf5 Rb4 23. a3 Ra4 24. Kb1 Kd7 25. Ka2 Ra5 26. Rxh6 Rxh6 27. Nxh6
Ke8 28. Nf5 c5 29. dxc5 Rxc5 30. Rd2 a5 31. Ne1 Kd7 32. f3 Rb5 33. Nd3 a4 34.
Nb4 d4 35. g3 Ra5 36. Rh2 Nc5 37. f4 Nb3 38. Nd3 Ra6 39. Rc2 Ra5 40. Rc4 Nd2
41. Rb4 Nb3 42. Rb7+ Ke6 43. Rb6+ Kd5 44. Rxf6 Ke4 45. Ne5 d3 46. Rd6 gxf4 47.
Nxd3 f3 48. Nf2+ Ke5 49. Rd1 Kf6 50. Nh4 Re5 51. Nxf3 Re2 52. g5+ Kg6 53. Nd3
Re3 54. Nde5+ Kf5 55. Rf1 Ke6 56. g4 Re4 57. Rh1 Rf4 58. Rh6+ Ke7 59. Ra6 Re4
60. Nxf7 Rc4 61. N7e5 Re4 62. g6 1-0

[Event "Alekhine"]
[Site "Gatineau CAN"]
[Date "2023.02.14"]
[Round "5"]
[White "Raymond, Daniel"]
[Black "Thompson, Francis"]
[Result "1-0"]
[ECO "B22"]
[WhiteElo "1714"]
[BlackElo "1741"]
[PlyCount "51"]
[EventDate "2023.01.17"]
[EventType "swiss"]
[EventRounds "7"]
[EventCountry "CAN"]
[TimeControl "90+30"]

1. e4 c6 2. c4 d5 3. exd5 cxd5 4. cxd5 Qxd5 5. Nc3 Qd8 6. d4 Nf6 7. Nf3 e6 8.
Bb5+ Bd7 9. Qe2 Bxb5 10. Qxb5+ Qd7 11. O-O a6 12. Qb3 Nc6 13. Rd1 Na5 14. Qc2
Rc8 15. Ne5 Qc7 16. Qe2 Bd6 17. Bf4 O-O 18. Rac1 Qb8 19. Ne4 Rfd8 20. Nxf6+
gxf6 21. Bh6 f5 22. Qh5 Bxe5 23. Qg5+ Kh8 24. dxe5 Rxd1+ 25. Rxd1 Qxe5 26. Rd8+
1-0

[Event "Alekhine"]
[Site "Gatineau CAN"]
[Date "2023.02.21"]
[Round "6"]
[White "Godbout, Elliott"]
[Black "Jacques, Olivier"]
[Result "1-0"]
[ECO "D11"]
[WhiteElo "1445"]
[BlackElo "1291"]
[PlyCount "57"]
[EventDate "2023.01.17"]
[EventType "swiss"]
[EventRounds "7"]
[EventCountry "CAN"]
[TimeControl "90+30"]

1. d4 d5 2. c4 c6 3. Nf3 Nf6 4. e3 a6 5. Nc3 Bf5 6. Bd3 Bxd3 7. Qxd3 e6 8. O-O
Bb4 9. a3 Bxc3 10. bxc3 O-O 11. cxd5 cxd5 12. c4 dxc4 13. Qxc4 Nc6 14. Bb2 Rc8
15. Rac1 Qd5 16. Qxd5 Nxd5 17. Rfd1 Rc7 18. e4 Nf4 19. Rc2 Rd8 20. g3 Ng6 21.
d5 exd5 22. exd5 Rcd7 23. Rcd2 Nce7 24. d6 Nc6 25. h4 f6 26. Rd3 Nh8 27. Bc1
Nf7 28. Bf4 h6 29. Nd4 1-0

[Event "Alekhine"]
[Site "Gatineau CAN"]
[Date "2023.02.21"]
[Round "6"]
[White "Latreille, Etienne"]
[Black "Desjardins, Michel"]
[Result "1/2-1/2"]
[ECO "B01"]
[WhiteElo "2082"]
[BlackElo "1852"]
[Annotator ",User"]
[PlyCount "41"]
[EventDate "2023.01.17"]
[EventType "swiss"]
[EventRounds "7"]
[EventCountry "CAN"]
[TimeControl "240+2"]

1. e4 d5 2. exd5 Qxd5 3. Nc3 Qd6 4. d4 Nf6 5. Nb5 Qb6 6. a4 a6 7. a5 Qe6+ 8.
Be3 axb5 9. Bxb5+ Bd7 10. Be2 Nc6 11. c4 Qd6 12. c5 Qd5 13. Bf3 Qf5 14. Qb3
Rxa5 15. Rd1 Ra7 16. d5 Na5 17. Qb4 Ra8 18. Ra1 Nxd5 19. Bxd5 Qxd5 20. Rxa5 Rd8
21. c6 1/2-1/2

[Event "Alekhine"]
[Site "Gatineau CAN"]
[Date "2023.02.21"]
[Round "6"]
[White "Marenger, Vincent"]
[Black "Cotillard, Tristan"]
[Result "0-1"]
[ECO "E10"]
[WhiteElo "1629"]
[BlackElo "1420"]
[PlyCount "62"]
[EventDate "2023.01.17"]
[EventType "swiss"]
[EventRounds "7"]
[EventCountry "CAN"]
[TimeControl "90+30"]

1. d4 d5 2. c4 e6 3. Nc3 Nf6 4. Nf3 Nc6 5. a3 Be7 6. Bf4 O-O 7. c5 Nh5 8. Qd2
Nxf4 9. Qxf4 f6 10. Qd2 e5 11. dxe5 fxe5 12. b4 d4 13. Qa2+ Kh8 14. Ne4 Bf5 15.
Qc2 Qd5 16. Nfd2 Rad8 17. e3 d3 18. Qc4 Qxc4 19. Nxc4 Bxe4 20. f3 Bg6 21. Rd1
e4 22. f4 Bf6 23. g3 Bh5 24. Rb1 Bc3+ 25. Kf2 d2 26. Be2 Bf7 27. Rhd1 Bxc4 28.
Bxc4 Ne5 29. Be2 Nd3+ 30. Bxd3 Rxd3 31. Rb3 Rf6 0-1

[Event "Alekhine"]
[Site "Gatineau CAN"]
[Date "2023.02.21"]
[Round "6"]
[White "Scantland, Patrick"]
[Black "Rioux, Jocelyn"]
[Result "1/2-1/2"]
[ECO "E01"]
[WhiteElo "1709"]
[BlackElo "1618"]
[PlyCount "68"]
[EventDate "2023.01.17"]
[EventType "swiss"]
[EventRounds "7"]
[EventCountry "CAN"]
[TimeControl "90+30"]

1. d4 d5 2. Nf3 Nf6 3. c4 c6 4. g3 e6 5. Bg2 Nbd7 6. Qc2 Bb4+ 7. Bd2 Qa5 8. O-O
Ne4 9. a3 Bxd2 10. Nfxd2 Nxd2 11. Nxd2 O-O 12. b4 Qd8 13. e4 dxc4 14. Nxc4 Nb6
15. Rfd1 Nxc4 16. Qxc4 Qe7 17. e5 Bd7 18. Qc5 Rae8 19. Qxa7 Ra8 20. Qc5 Rfe8
21. a4 b6 22. Qxe7 Rxe7 23. b5 Rc8 24. bxc6 Bxc6 25. d5 exd5 26. Bxd5 Bxd5 27.
Rxd5 Ree8 28. f4 Rc2 29. Rb5 Rd8 30. Rxb6 Rdd2 31. Rab1 Rg2+ 32. Kf1 Rgf2+ 33.
Kg1 Rg2+ 34. Kf1 Rgf2+ 1/2-1/2

[Event "Alekhine"]
[Site "Gatineau CAN"]
[Date "2023.02.28"]
[Round "7"]
[White "Arvisais, Eric"]
[Black "Chacon, Jose"]
[Result "0-1"]
[ECO "A52"]
[WhiteElo "1185"]
[BlackElo "1900"]
[PlyCount "48"]
[EventDate "2023.01.17"]
[EventType "swiss"]
[EventRounds "7"]
[EventCountry "CAN"]
[TimeControl "90+30"]

1. d4 Nf6 2. c4 e5 3. dxe5 Ng4 4. Nf3 Bc5 5. e3 Nc6 6. e6 fxe6 7. Nc3 O-O 8.
Be2 Nce5 9. h3 Nxf3+ 10. Bxf3 Ne5 11. Be4 c6 12. Qc2 Qh4 13. O-O d5 14. cxd5
exd5 15. Bd3 Bd6 16. Be2 Bf5 17. Qd1 Rad8 18. a3 Bxh3 19. g3 Nf3+ 20. Bxf3 Bxg3
21. Qe2 Bh2+ 22. Kh1 Bxf1 23. Qxf1 Bg3+ 24. Kg2 Qh2# 0-1

[Event "Alekhine"]
[Site "Gatineau CAN"]
[Date "2023.02.28"]
[Round "7"]
[White "Cotillard, Tristan"]
[Black "Jacques, Olivier"]
[Result "1-0"]
[ECO "B01"]
[WhiteElo "1420"]
[BlackElo "1291"]
[PlyCount "123"]
[EventDate "2023.01.17"]
[EventType "swiss"]
[EventRounds "7"]
[EventCountry "CAN"]
[TimeControl "90+30"]

1. e4 d5 2. exd5 Qxd5 3. Nc3 Qa5 4. d4 Nf6 5. Bd2 c6 6. Nf3 Bf5 7. Bc4 e6 8. a3
Nbd7 9. O-O Qc7 10. Ne2 Bd6 11. Ng3 Bg6 12. Re1 O-O 13. Bb3 c5 14. c3 c4 15.
Bc2 b5 16. Bxg6 hxg6 17. Bg5 Nd5 18. Ne4 Bf4 19. g3 Bxg5 20. Nfxg5 N7f6 21. Nc5
Nb6 22. Qf3 Qe7 23. Qc6 Nfd5 24. h4 a6 25. Qb7 Qd8 26. a4 Re8 27. Qxf7+ Kh8 28.
Ncxe6 Qf6 29. Qxf6 gxf6 30. Nf7+ Kg8 31. Nd6 Re7 32. axb5 axb5 33. Rxa8+ Nxa8
34. Nxb5 Rb7 35. Ra1 Rxb5 36. Rxa8+ Kf7 37. Nf4 Nxf4 38. gxf4 Ke6 39. Re8+ Kf5
40. Re2 Kxf4 41. Kg2 Kg4 42. Rd2 Rd5 43. Re2 Kxh4 44. Re6 Kg5 45. Rc6 Rb5 46.
Rc5+ Rxc5 47. dxc5 Kf5 48. Kf3 Ke5 49. c6 Kd6 50. c7 Kxc7 51. Ke4 Kd6 52. Kd4
f5 53. f4 g5 54. fxg5 Ke6 55. Ke3 Kf7 56. Kd4 Kg6 57. Kxc4 f4 58. Kd3 Kxg5 59.
b4 Kg4 60. Ke2 Kg3 61. Kf1 Kf3 62. b5 1-0

[Event "Alekhine"]
[Site "Gatineau CAN"]
[Date "2023.02.28"]
[Round "7"]
[White "Latreille, Etienne"]
[Black "Arsenault, Michel"]
[Result "1-0"]
[ECO "B31"]
[WhiteElo "2082"]
[BlackElo "1888"]
[PlyCount "57"]
[EventDate "2023.01.17"]
[EventType "swiss"]
[EventRounds "7"]
[EventCountry "CAN"]
[TimeControl "90+30"]

1. e4 c5 2. Nf3 Nc6 3. Bb5 g6 4. O-O Bg7 5. c3 Nf6 6. Re1 O-O 7. d4 d5 8. e5
Ne4 9. Bxc6 bxc6 10. Be3 Qb6 11. Qc1 cxd4 12. cxd4 f6 13. exf6 Rxf6 14. Nbd2
Nxd2 15. Qxd2 Rxf3 16. gxf3 Bf5 17. Rac1 a5 18. Qc3 Rc8 19. Red1 e6 20. Bf4 Qb5
21. Qd2 c5 22. Rxc5 Rxc5 23. dxc5 Bxb2 24. c6 d4 25. c7 e5 26. Bxe5 Bc3 27. Qf4
Qe8 28. Rb1 Bxb1 29. Qf6 1-0

[Event "Alekhine"]
[Site "Gatineau CAN"]
[Date "2023.02.28"]
[Round "7"]
[White "Palsson, Halldor"]
[Black "Thompson, Francis"]
[Result "0-1"]
[ECO "D85"]
[WhiteElo "1920"]
[BlackElo "1741"]
[PlyCount "106"]
[EventDate "2023.01.17"]
[EventType "swiss"]
[EventRounds "7"]
[EventCountry "CAN"]
[TimeControl "90+30"]

1. d4 Nf6 2. c4 g6 3. Nc3 d5 4. cxd5 Nxd5 5. e4 Nxc3 6. bxc3 Bg7 7. Nf3 c5 8.
Bb5+ Nc6 9. d5 a6 10. Be2 Bxc3+ 11. Bd2 Bxa1 12. Qxa1 Nd4 13. Nxd4 cxd4 14.
Qxd4 O-O 15. Bc3 f6 16. f4 Bd7 17. e5 Bb5 18. Bf3 Rc8 19. d6 Bc6 20. O-O Bxf3
21. Rxf3 Rc6 22. dxe7 Qxe7 23. exf6 Rfxf6 24. Qd5+ Rf7 25. Kf1 Qd6 26. Qe4 Re7
27. Be5 Rc1+ 28. Kf2 Qd2+ 29. Kg3 Qe1+ 30. Qxe1 Rxe1 31. Rc3 Re2 32. a3 Kf7 33.
Kf3 Ra2 34. h3 Ke6 35. g3 Kd5 36. Kg4 Rf7 37. h4 b5 38. h5 gxh5+ 39. Kxh5 a5
40. g4 b4 41. axb4 axb4 42. Rc8 Rb7 43. Kg5 b3 44. Rd8+ Ke6 45. Rd6+ Kf7 46.
Rh6 Kg8 47. Rh1 Rc2 48. f5 b2 49. Rb1 Rb6 50. Bd4 h6+ 51. Kh4 Rb4 52. Be5 Re2
53. Bc3 Rb3 0-1

[Event "Alekhine"]
[Site "Gatineau CAN"]
[Date "2023.02.28"]
[Round "7"]
[White "Scantland, Patrick"]
[Black "MacIsaac, Alexandre"]
[Result "1/2-1/2"]
[ECO "A30"]
[WhiteElo "1709"]
[BlackElo "1681"]
[PlyCount "78"]
[EventDate "2023.01.17"]
[EventType "swiss"]
[EventRounds "7"]
[EventCountry "CAN"]
[TimeControl "90+30"]

1. d4 Nf6 2. c4 e6 3. Nf3 b6 4. g3 Bb7 5. Bg2 c5 6. O-O cxd4 7. Qxd4 Nc6 8. Qd1
Be7 9. Nc3 O-O 10. Bf4 Nh5 11. Bd6 Rc8 12. e4 Bxd6 13. Qxd6 Nf6 14. Rfd1 Na5
15. b3 Bxe4 16. Nxe4 Nxe4 17. Qxd7 Nc3 18. Rd2 Nc6 19. a3 Qf6 20. Re1 Rfd8 21.
Qb7 Na5 22. Rxd8+ Qxd8 23. Qa6 Nxb3 24. Ne5 Rc7 25. c5 Nxc5 26. Qf1 f6 27. Nc6
Qd2 28. Bf3 Kf7 29. Re3 Nd5 30. Bxd5 exd5 31. Nd8+ Kf8 32. Qb5 Re7 33. Rxe7
Kxe7 34. Nc6+ Kf7 35. Nxa7 Nd3 36. Qxb6 Qd1+ 37. Kg2 Ne1+ 38. Kf1 Nd3+ 39. Kg2
Nf4+ 1/2-1/2

[Event "Alekhine U1400"]
[Site "Gatineau CAN"]
[Date "2023.01.17"]
[Round "1"]
[White "Albert, Michel"]
[Black "Moraga, Hernan"]
[Result "0-1"]
[ECO "D02"]
[WhiteElo "1194"]
[BlackElo "1235"]
[PlyCount "76"]
[EventDate "2023.01.17"]
[EventType "swiss"]
[EventRounds "7"]
[EventCountry "CAN"]
[TimeControl "60+30"]

1. d4 e6 2. Nf3 c5 3. c3 Nc6 4. Bf4 d5 5. e3 a6 6. Nbd2 Nf6 7. Bd3 g6 8. h3 Bg7
9. Ne5 O-O 10. O-O Nd7 11. Ng4 Nf6 12. Nh6+ Bxh6 13. Bxh6 Re8 14. Qf3 e5 15.
Bg5 Kg7 16. e4 cxd4 17. c4 Qd6 18. cxd5 Nb4 19. Bb1 a5 20. Nc4 Qd8 21. a3 Na6
22. Ba2 Nc5 23. h4 b5 24. b4 Ncxe4 25. Qxe4 Nxe4 26. Bxd8 Rxd8 27. Nxe5 Nc3 28.
Bb1 Rxd5 29. Nf3 axb4 30. Bc2 Rxa3 31. Rae1 d3 32. Ne5 dxc2 33. g4 c1=Q 34.
Rxc1 Ne2+ 35. Kg2 Nxc1 36. Nf3 Bxg4 37. h5 Bxf3+ 38. Kg1 Rxh5 0-1

[Event "Alekhine U1400"]
[Site "Gatineau CAN"]
[Date "2023.01.17"]
[Round "1"]
[White "Arvisais, Eric"]
[Black "Gratton, Marcel"]
[Result "1/2-1/2"]
[ECO "E00"]
[WhiteElo "1185"]
[BlackElo "1137"]
[PlyCount "75"]
[EventDate "2023.01.17"]
[EventType "swiss"]
[EventRounds "7"]
[EventCountry "CAN"]
[TimeControl "60+30"]

1. d4 d5 2. c4 Nf6 3. Nc3 e6 4. a3 a6 5. Nf3 Bd6 6. Bg5 h6 7. Bh4 Nc6 8. e3 Be7
9. Bd3 b6 10. O-O Bb7 11. h3 Qd7 12. Re1 g5 13. Bg3 O-O-O 14. e4 Nh5 15. Ne5
Nxe5 16. Bxe5 f6 17. Qxh5 fxe5 18. dxe5 d4 19. Ne2 Qa4 20. Qf7 Qd7 21. Qh5 Rdf8
22. Rad1 Bc5 23. b4 Be7 24. Bc2 c5 25. bxc5 bxc5 26. Nc3 Bd8 27. Ba4 Qf7 28.
Qxf7 Rxf7 29. Ne2 Rhf8 30. f3 Ba5 31. Rf1 Bc7 32. Rb1 Bxe5 33. Rb6 Rd7 34. Rxe6
Re7 35. Rxe7 d3 36. Rxb7 dxe2 37. Re1 Bb8 38. Rxe2 1/2-1/2

[Event "Alekhine U1400"]
[Site "Gatineau CAN"]
[Date "2023.01.17"]
[Round "1"]
[White "De Carufel-Lebeau, Lucas"]
[Black "Laflamme, Mathieu"]
[Result "0-1"]
[ECO "B11"]
[WhiteElo "1266"]
[BlackElo "1230"]
[PlyCount "106"]
[EventDate "2023.01.17"]
[EventType "swiss"]
[EventRounds "7"]
[EventCountry "CAN"]
[TimeControl "1"]

1. e4 c6 2. Nf3 d5 3. Nc3 Bg4 4. Be2 e6 5. Ne5 Bxe2 6. Qxe2 Nf6 7. b3 Nbd7 8.
d3 Nxe5 9. exd5 Neg4 10. Bg5 cxd5 11. Bxf6 Nxf6 12. O-O Bd6 13. Nb5 Be5 14.
Qxe5 O-O 15. Rfd1 Re8 16. c4 Re7 17. Rdc1 dxc4 18. bxc4 Qxd3 19. Qc5 Qd8 20.
Rd1 Rd7 21. Rxd7 Qxd7 22. Nxa7 Rd8 23. h3 h6 24. Rb1 Ne4 25. Qe3 Qd4 26. Rxb7
Qxe3 27. fxe3 Ra8 28. a4 Nc5 29. Rc7 Nxa4 30. c5 Nxc5 31. Rxc5 Rxa7 32. Kf2 g5
33. g4 Kg7 34. Kf3 Kg6 35. Ke4 Ra4+ 36. Ke5 f6+ 37. Kxe6 Re4+ 38. Kd7 Rxe3 39.
Rf5 Kf7 40. Kd6 Rd3+ 41. Kc5 Rxh3 42. Kd4 h5 43. gxh5 Rxh5 44. Ke4 Kg6 45. Rd5
g4 46. Rd3 Kg5 47. Rd5+ Kh4 48. Rd6 f5+ 49. Kf4 g3 50. Rd1 g2 51. Kf3 Rg5 52.
Rg1 Kh3 53. Kf2 f4 0-1

[Event "Alekhine U1400"]
[Site "Gatineau CAN"]
[Date "2023.01.17"]
[Round "1"]
[White "Deschenes, Stephane"]
[Black "Boutin, Michel"]
[Result "0-1"]
[ECO "C46"]
[WhiteElo "1000"]
[BlackElo "1085"]
[PlyCount "58"]
[EventDate "2023.01.17"]
[EventType "swiss"]
[EventRounds "7"]
[EventCountry "CAN"]
[TimeControl "60+30"]

1. e4 e5 2. d4 Nc6 3. Nf3 d6 4. Nc3 Be6 5. d5 Nb4 6. Bb5+ Bd7 7. a3 Na6 8. Ng5
h6 9. Ne6 fxe6 10. dxe6 Bxb5 11. Nxb5 c6 12. Nc3 Nc5 13. Qg4 Nf6 14. Qh3 Qe7
15. Qf5 O-O-O 16. Be3 b6 17. O-O-O Nxe6 18. Na4 d5 19. Qxe5 dxe4 20. Nxb6+ axb6
21. Bxb6 Rd5 22. Qc3 c5 23. Qa5 Qb7 24. Rhe1 c4 25. Qb4 Bxb4 26. Rf1 Qxb6 27.
f3 Qe3+ 28. Kb1 Rxd1+ 29. Rxd1 Rd8 0-1

[Event "Alekhine U1400"]
[Site "Gatineau CAN"]
[Date "2023.01.17"]
[Round "1"]
[White "Filion, Jean"]
[Black "Vachon, Jean-Clement"]
[Result "0-1"]
[ECO "B01"]
[WhiteElo "900"]
[BlackElo "1190"]
[PlyCount "44"]
[EventDate "2023.01.17"]
[EventType "swiss"]
[EventRounds "7"]
[EventCountry "CAN"]
[TimeControl "60+30"]

1. e4 d5 2. Qf3 dxe4 3. Qxe4 Nf6 4. Qa4+ Bd7 5. Qf4 Nc6 6. Nf3 Bg4 7. Bb5 Qd5
8. c4 Qe6+ 9. Kf1 a6 10. Bxc6+ Qxc6 11. Ne5 Qd6 12. Nxg4 Qxf4 13. Nxf6+ Qxf6
14. Nc3 e6 15. Ne4 Qd4 16. f3 Qxc4+ 17. d3 Qxd3+ 18. Kf2 Qc2+ 19. Nd2 Bc5+ 20.
Kg3 Qg6+ 21. Kh3 Bf2 22. Ne4 Qh5# 0-1

[Event "Alekhine U1400"]
[Site "Gatineau CAN"]
[Date "2023.01.17"]
[Round "1"]
[White "Filion, Samuel"]
[Black "Chenard, Paul"]
[Result "1-0"]
[ECO "C54"]
[WhiteElo "1118"]
[BlackElo "905"]
[PlyCount "75"]
[EventDate "2023.01.17"]
[EventType "swiss"]
[EventRounds "7"]
[EventCountry "CAN"]
[TimeControl "60+30"]

1. e4 e5 2. Nf3 Nc6 3. Bc4 Bc5 4. c3 Nf6 5. b4 Bb6 6. d3 a5 7. a3 O-O 8. O-O h6
9. Bb5 d5 10. Bxc6 bxc6 11. exd5 Ng4 12. h3 Bxf2+ 13. Rxf2 Nxf2 14. Kxf2 Qf6
15. dxc6 Qxc6 16. Nxe5 Qf6+ 17. Nf3 Bb7 18. Be3 Rae8 19. Bd4 Qf4 20. Nbd2 Bxf3
21. Nxf3 Re7 22. Qd2 Qf5 23. Bc5 Re6 24. Bxf8 Kxf8 25. Re1 Rf6 26. Qe3 g5 27.
Qe5 Qf4 28. Qxf4 Rxf4 29. Re4 Rf5 30. Re5 Rf6 31. Rxa5 Rd6 32. d4 Rg6 33. Rc5
g4 34. Ne5 g3+ 35. Ke3 Rf6 36. Nd7+ Ke7 37. Nxf6 Kxf6 38. a4 1-0

[Event "Alekhine U1400"]
[Site "Gatineau CAN"]
[Date "2023.01.17"]
[Round "1"]
[White "Gratton, Constant"]
[Black "Simard, Paul"]
[Result "0-1"]
[ECO "B72"]
[WhiteElo "1233"]
[BlackElo "1268"]
[PlyCount "62"]
[EventDate "2023.01.17"]
[EventType "swiss"]
[EventRounds "7"]
[EventCountry "CAN"]
[TimeControl "60/30:0"]

1. e4 c5 2. Nf3 d6 3. Nc3 Nf6 4. d4 cxd4 5. Nxd4 a6 6. Be3 g6 7. a3 Bg7 8. Qd3
O-O 9. h3 b5 10. Be2 Bb7 11. O-O-O Nbd7 12. g4 Nc5 13. Qd2 Nfxe4 14. Nxe4 Bxe4
15. f3 Bb7 16. Rhf1 Rc8 17. f4 Bxd4 18. Bxd4 Nb3+ 19. Kb1 Nxd2+ 20. Rxd2 e6 21.
h4 Qxh4 22. g5 Qh3 23. Bd3 Be4 24. Re1 Bxd3 25. Rxd3 Qf5 26. Rh1 Qxf4 27. Bf6
Qf2 28. Rxh7 Qxc2+ 29. Ka2 Qc4+ 30. Kb1 Qxd3+ 31. Ka2 Kxh7 0-1

[Event "Alekhine U1400"]
[Site "Gatineau CAN"]
[Date "2023.01.17"]
[Round "1"]
[White "Levesque, Sabin"]
[Black "Deschenes, Ryan"]
[Result "1-0"]
[ECO "D00"]
[WhiteElo "950"]
[BlackElo "1000"]
[PlyCount "53"]
[EventDate "2023.01.17"]
[EventType "swiss"]
[EventRounds "7"]
[EventCountry "CAN"]
[TimeControl "60+30"]

1. d4 d5 2. Bf4 Nf6 3. Nc3 Nc6 4. e3 Bg4 5. Qd3 Nb4 6. Qb5+ c6 7. Qxb4 a5 8.
Qxb7 Bd7 9. Nf3 Rb8 10. Qa7 Ra8 11. Qc5 e6 12. Bd6 Bxd6 13. Qxd6 Qb6 14. Ne5
Qxb2 15. Kd2 Qxa1 16. g4 Ra7 17. g5 Nh5 18. g6 Rf8 19. Na4 Qxa2 20. Nb6 Rb7 21.
gxf7+ Kd8 22. Qxf8+ Kc7 23. Qc5 Rxb6 24. f8=Q Rb2 25. Qfd6+ Kb7 26. Qxd7+ Ka8
27. Qca7# 1-0

[Event "Alekhine U1400"]
[Site "Gatineau CAN"]
[Date "2023.01.17"]
[Round "1"]
[White "Roy, Dominique"]
[Black "Radojicic, Janko"]
[Result "0-1"]
[ECO "B30"]
[WhiteElo "1100"]
[BlackElo "1100"]
[PlyCount "118"]
[EventDate "2023.01.17"]
[EventType "swiss"]
[EventRounds "7"]
[EventCountry "CAN"]
[TimeControl "60+30"]

1. e4 c5 2. Nf3 Nc6 3. Bc4 Nf6 4. d4 e6 5. O-O Nxe4 6. d5 Ne7 7. Re1 Nf6 8. Nc3
Qb6 9. d6 Nf5 10. Nb5 Nxd6 11. Qd3 a6 12. Nxd6+ Bxd6 13. Bg5 Be7 14. Qb3 Qxb3
15. Bxb3 d5 16. c3 c4 17. Bc2 O-O 18. Ne5 h6 19. Bh4 Re8 20. Bd1 Nd7 21. Bg3
Bf6 22. Ba4 b5 23. Bc2 Bxe5 24. Bxe5 f6 25. Bd6 Kf7 26. h4 h5 27. Re3 Nf8 28.
Rg3 Kg8 29. Bxf8 Rxf8 30. Bg6 Bd7 31. Bxh5 a5 32. Rd1 b4 33. Rd4 f5 34. Rg5 Be8
35. Bxe8 Raxe8 36. h5 Rf6 37. Rh4 Kf7 38. Kf1 Rh8 39. g3 Rfh6 40. Ke2 Kf6 41.
f4 e5 42. Ke3 Re8 43. Kd2 d4 44. cxd4 exd4 45. Rh1 g6 46. g4 fxg4 47. Rxg4 gxh5
48. Rg5 Re4 49. Rxa5 Rxf4 50. Ra4 Rf2+ 51. Ke1 Rxb2 52. Rf1+ Ke5 53. a3 Rb1+
54. Ke2 Rxf1 55. Kxf1 bxa3 56. Rxa3 Ke4 57. Ke2 d3+ 58. Kd2 Kd4 59. Ra4 h4 0-1

[Event "Alekhine U1400"]
[Site "Gatineau CAN"]
[Date "2023.01.17"]
[Round "1"]
[White "Villeneuve, Denis"]
[Black "Couture, Vincent"]
[Result "1-0"]
[ECO "C50"]
[WhiteElo "1374"]
[BlackElo "1435"]
[PlyCount "39"]
[EventDate "2023.01.17"]
[EventType "swiss"]
[EventRounds "7"]
[EventCountry "CAN"]
[TimeControl "60+30"]

1. e4 e5 2. Nf3 Nc6 3. d4 exd4 4. Bc4 h6 5. O-O Bc5 6. c3 dxc3 7. Bxf7+ Kf8 8.
Nxc3 Nf6 9. Bb3 d6 10. h3 a6 11. Qe2 Na5 12. Bc2 Be6 13. e5 dxe5 14. Nxe5 Qe7
15. Ng6+ Ke8 16. Nxe7 Kxe7 17. Re1 Kf7 18. Qxe6+ Kf8 19. Bg6 Bxf2+ 20. Kxf2 1-0

[Event "Alekhine U1400"]
[Site "Gatineau CAN"]
[Date "2023.01.24"]
[Round "2"]
[White "Chartrand, Alexis"]
[Black "Albert, Michel"]
[Result "1-0"]
[ECO "A30"]
[WhiteElo "1144"]
[BlackElo "1194"]
[PlyCount "49"]
[EventDate "2023.01.17"]
[EventType "swiss"]
[EventRounds "7"]
[EventCountry "CAN"]
[TimeControl "60+30"]

1. c4 e6 2. Nf3 c5 3. e3 d5 4. cxd5 Qxd5 5. Nc3 Qd8 6. Bb5+ Bd7 7. Qa4 a6 8.
Ne5 Nf6 9. Nxd7 Nbxd7 10. Bxd7+ Nxd7 11. d4 Rc8 12. O-O Bd6 13. Rd1 O-O 14.
dxc5 b5 15. cxb6 Qxb6 16. Qxd7 Bb8 17. b3 Rxc3 18. Ba3 Rfc8 19. Rac1 Rxc1 20.
Rxc1 Rd8 21. Rc8 h6 22. Rxd8+ Kh7 23. Rxb8 Qxb8 24. Qxf7 Qc8 25. h3 1-0

[Event "Alekhine U1400"]
[Site "Gatineau CAN"]
[Date "2023.01.24"]
[Round "2"]
[White "Chenard, Paul"]
[Black "Filion, Jean"]
[Result "1-0"]
[ECO "A40"]
[WhiteElo "905"]
[BlackElo "900"]
[PlyCount "123"]
[EventDate "2023.01.17"]
[EventType "swiss"]
[EventRounds "7"]
[EventCountry "CAN"]
[TimeControl "60+30"]

1. Nf3 e6 2. d4 Qf6 3. Be3 Nh6 4. Bg5 Qf5 5. Nc3 Bb4 6. Qd2 O-O 7. a3 Bxc3 8.
Qxc3 d6 9. h3 Nc6 10. g4 Qg6 11. e3 f6 12. Bd3 f5 13. O-O-O Qf7 14. e4 fxg4 15.
Nh4 e5 16. Bc4 Be6 17. d5 Bd7 18. dxc6 Bxc6 19. Bxf7+ Rxf7 20. Rde1 Raf8 21.
Qc4 Kh8 22. Qe6 Ba4 23. Be7 Re8 24. Ng6+ hxg6 25. Qxg6 Rexe7 26. hxg4 Rf6 27.
Rxh6+ gxh6 28. Qxf6+ Rg7 29. Rh1 Be8 30. Qxh6+ Kg8 31. Qh8+ Kf7 32. Qh5+ Ke7
33. Qh4+ Kd7 34. Qf6 Rf7 35. Rh7 Rxh7 36. Qf5+ Kc6 37. Qxh7 b5 38. b4 a6 39. c3
Bd7 40. g5 Be6 41. Qh6 Bc4 42. Qh8 Bd3 43. Qe8+ Kb7 44. f3 Kb6 45. Qb8+ Kc6 46.
Qa8+ Kb6 47. Kd2 Bc4 48. g6 Be6 49. Qb8+ Kc6 50. g7 Bc4 51. g8=Q Bxg8 52. Qxg8
Kb6 53. Qd5 Ka7 54. c4 bxc4 55. Qxc4 Kb6 56. a4 Kb7 57. b5 a5 58. Qc6+ Kc8 59.
b6 Kd8 60. Qxc7+ Ke8 61. b7 d5 62. b8=R# 1-0